 Dungeon Crawl Stone Soup version 0.26.1-11-gd32895ea62 (webtiles) character file.

Game seed: 8792116459471478204

105 ZappyNine the Cutter (level 5, -3/33 HPs)
             Began as a Kobold Berserker on July 5, 2021.
             Was a Believer of Trog.
             Slain by a killer bee zombie (4 damage)
             ... on level 3 of the Dungeon on July 6, 2021.
             The game lasted 00:02:43 (2949 turns).

ZappyNine the Cutter (Kobold Berserker)             Turns: 2949, Time: 00:02:43

Health: -3/33      AC:  2    Str: 14    XL:     5   Next: 9%
Magic:  5/5        EV: 16    Int:  9    God:    Trog [**....]
Gold:   165        SH:  0    Dex: 15    Spells: 4/4 levels left

rFire    . . .     SeeInvis .   a - +0 short sword
rCold    . . .     Faith    .   (shield restricted)
rNeg     . . .     Spirit   .   b - +0 animal skin
rPois    .         Reflect  .   (no helmet)
rElec    .         Harm     .   k - scarf {repulsion}
rCorr    .         Rampage  .   (no gloves)
Will     .....                  (no boots)
Stlth    +++.......             (no amulet)
HPRegen  0.11/turn              (no ring)
MPRegen  0.09/turn              (no ring)

@: berserk cooldown, slowed, repel missiles, very slow
A: small, nightstalker 3
a: Renounce Religion, Berserk, Trog's Hand


You were on level 3 of the Dungeon.
You worshipped Trog.
Trog was pleased with you.
You visited 1 branch of the dungeon, and saw 3 of its levels.

You collected 165 gold pieces.

Inventory:

Hand Weapons
 a - a +0 short sword (weapon)
Missiles
 r - 5 curare-tipped darts (quivered)
Armour
 b - a +0 animal skin (worn)
 e - a +0 cloak
 k - a scarf of repulsion (worn)
Jewellery
 f - a +6 ring of intelligence {unknown}
 h - an uncursed ring of protection from fire {unknown}
 q - an uncursed ring of ice {unknown}
Scrolls
 c - a scroll of enchant armour {unknown}
 d - 3 scrolls of teleportation {unknown}
 g - a scroll of fear {unknown}
 j - a scroll of enchant weapon {unknown}
 l - 2 scrolls of identify {unknown}
 p - a scroll of magic mapping {unknown}
 s - a scroll of remove curse {unknown}
 t - a scroll of blinking {unknown}
Potions
 i - a potion of curing {unknown}
 m - 2 potions of brilliance {unknown}
 n - a potion of lignification {unknown}
 o - a potion of might {unknown}
 u - a potion of degeneration {unknown}


   Skills:
 + Level 4.1 Fighting
 + Level 4.9 Short Blades
 - Level 1.5 Armour
 + Level 3.5 Dodging
 + Level 2.8 Stealth


You had 4 spell levels left.
You didn't know any spells.
Your spell library was empty.

Dungeon Overview and Level Annotations

Branches:
Dungeon (3/15)

Altars:
Dithmenos


Innate Abilities, Weirdness & Mutations

You are small and have problems with some larger weapons.
You are completely attuned to the shadows.


Message History

The ogre shouts!
The killer bee zombie closely misses you.
The killer bee zombie hits you.
* * * LOW HITPOINT WARNING * * *
You feel a strong urge to attack something.
The killer bee zombie hits you.
* * * LOW HITPOINT WARNING * * *
You feel your anger nearly subside.
You are no longer berserk.
You are exhausted.
You feel yourself slow down.
You barely miss the killer bee zombie.
The killer bee zombie is heavily damaged.
The killer bee zombie misses you. x2
Your skin stops crawling.
You feel less strong-willed.
The killer bee zombie completely misses you.
The killer bee zombie hits you.
* * * LOW HITPOINT WARNING * * *
Found a glowing falchion.
The killer bee zombie hits you.
You die...

##.. .#).
....
####...# ###
..##..@#..#
#..
.......Z....
.. #..
............
#.##.###..
......O...#.
#..#......
..........#
.###.#####..
.........##
........##..
.........#
.....##..#..
......†..#
#....###....
.........#
###....###..


You could see an ogre and a killer bee zombie.

Vanquished Creatures
  4 gnolls (D:2)
  An adder (D:3)
  2 worms (D:2)
  A dart slug (D:2)
  A leopard gecko (D:1)
  An orc (D:3)
  A ball python (D:2)
  5 bats (D:1)
  A giant cockroach (D:1)
  12 goblins
  4 hobgoblins
  7 kobolds (D:1)
  A quokka (D:3)
  4 rats
45 creatures vanquished.

Notes
Turn   | Place    | Note
-------+----------+-------------------------------------------
     0 | D:1      | ZappyNine the Kobold Berserker began the quest for the Orb.
     0 | D:1      | Reached XP level 1. HP: 14/14 MP: 1/1
   181 | D:1      | Reached XP level 2. HP: 19/19 MP: 2/2
   188 | D:1      | Reached skill level 1 in Stealth
   547 | D:1      | Reached XP level 3. HP: 20/23 MP: 3/3
  1258 | D:2      | Reached ** piety under Trog
  1259 | D:2      | Reached XP level 4. HP: 14/29 MP: 4/4
  2521 | D:2      | Found a shadowy altar of Dithmenos.
  2749 | D:3      | Reached XP level 5. HP: 20/33 MP: 5/5
  2938 | D:3      | HP: 1/33 [killer bee zombie (6)]
  2942 | D:3      | Noticed an ogre
  2948 | D:3      | HP: 1/33 [killer bee zombie (5)]
  2949 | D:3      | Slain by a killer bee zombie

Illustrated notes

Levels and vault maps discovered:
D:1:      tarquinn_simple_flora_water_e, layout_basic, serial_forest,
          infiniplex_forest_end_double, infiniplex_forest_straight_2,
          infiniplex_forest_corner_2, infiniplex_forest_straight_3,
          minmay_pentomino_p4
D:2:      layout_basic, nicolae_overflow_crystal_walls
D:3:      layout_rooms, lemuel_doored_altar, minmay_fractal_squares_5

Skill      XL: |  1  2  3  4 |
---------------+-------------+-----
Stealth        | 1 2 |  2.8
Dodging        | 3 |  3.5
Fighting       | 4 |  4.1
Short Blades   | |  4.9
Armour         | |  1.5

Action                   |  1- 3 |  4- 6 || total
-------------------------+-------+-------++-------
Melee: Short sword       |    76 |    60 ||   136
Throw: Dart              |     4 |     4 ||     8
Invok: Berserk           |       |     2 ||     2
       Trog's Hand       |       |     2 ||     2
  Use: Potion            |       |     1 ||     1
 Stab: Sleeping          |    11 |     1 ||    12
       Invisible         |       |     2 ||     2
Armor: Animal skin       |    22 |     6 ||    28
Dodge: Dodged            |    61 |    47 ||   108
